 Dungeon Crawl Stone Soup version 0.32-a0-814-g0968bab981 (webtiles) character file.

Game seed: 13237858469121691333

223 Orlauf the Trooper (level 5, -2/44 HPs)
             Began as a Demonspawn Gladiator on Mar 22, 2024.
             Slain by a hobgoblin (4 damage)
             ... on level 3 of the Dungeon.
             The game lasted 00:03:44 (2313 turns).

Orlauf the Trooper (Demonspawn Gladiator)           Turns: 2313, Time: 00:03:44

Health: -2/44      AC:  8    Str: 16    XL:     5   Next: 66%
Magic:  5/5        EV:  9    Int:  9    God:
Gold:   88         SH:  0    Dex: 14    Spells: 4/4 levels left

rFire   . . .        a - +1 quarterstaff
rCold   . . .        (shield currently unavailable)
rNeg    . . .        q - +0 scale mail
rPois   .            c - +1 helmet
rElec   .            (no cloak)
rCorr   .            (no gloves)
SInv    .            (no boots)
Will    .....        (no amulet) Stlth
                     (no ring)
HPRegen 0.27/turn    (no ring)
MPRegen 0.09/turn

%: no passive effects
@: mighty, attractive, wreathed by umbra
A: foul stench 1, foul shadow 2
a: no special abilities


You were on level 3 of the Dungeon.
You visited 1 branch of the dungeon, and saw 3 of its levels.

You collected 88 gold pieces.

Inventory:

Hand Weapons
 a - a +1 quarterstaff (weapon)
 b - the +3 hand axe of Wiqupt {venom, Dex+3 Stlth+}
   (You found it on level 2 of the Dungeon)

   Dex+3:     It affects your dexterity (+3).
   Stlth+:    It makes you more stealthy.
Missiles
 d - 2 throwing nets (quivered)
 e - a javelin
Armour
 c - a +1 helmet (worn)
 q - a +0 scale mail (worn)
Potions
 f - a potion of mutation {unknown}
 g - a potion of lignification
 l - a potion of resistance {unknown}
 p - a potion of might


   Skills:
 * Level 5.0 Fighting
 + Level 4.0 Staves
 - Level 1.7 Throwing
 - Level 2.6 Dodging


You had 4 spell levels left.
You didn't know any spells.
Your spell library was empty.

Dungeon Overview and Level Annotations

Branches:
Dungeon (3/15)

Altars:
Vehumet


Innate Abilities, Weirdness & Mutations

You may rarely emit foul miasma when damaged in melee.
You are shadowed, sometimes releasing foul flame when damaged in melee.


Message History

The gnoll hits you from afar with a +0 halberd.
The gnoll hits you but does no damage.
The gnoll hits you from afar with a +0 halberd!
The gnoll misses you.
The gnoll hits you from afar with a +0 halberd!
The gnoll hits you but does no damage.
You are too injured to fight recklessly!
You are too injured to fight recklessly!
You sock the gnoll!
You kill the gnoll!
The gnoll closely misses you. The gnoll barely misses you.
The gnoll hits you but does no damage.
Your Fighting skill increases to level 5!
The gnoll attacks as it pursues you!
The gnoll hits you from afar with a +0 spear.
* * * LOW HITPOINT WARNING * * *
You aren't carrying any scrolls.
It was a potion of might.
You feel very mighty all of a sudden. The gnoll misses you.
Throw: 3 throwing nets
Press: ? - help, Q - select action, (/) - cycle Shift-Dir - straight line, f - gnoll
Aim: a gnoll, wielding a +0 spear (umbra, 61% to hit)
You throw a throwing net. The throwing net hits the gnoll.
The gnoll is caught in the net!
The gnoll struggles against the net.
The gnoll struggles against the net.
You bludgeon the gnoll!!
You kill the gnoll!
The kobold hits you but does no damage. The gnoll closely misses you.
Your Staves skill increases to level 4!
The gnoll hits you from afar with a +0 halberd.
* * * LOW HITPOINT WARNING * * *
The kobold hits you but does no damage.
It was a potion of attraction.
You feel attractive to monsters.
The gnoll hits you from afar with a +0 halberd.
* * * LOW HITPOINT WARNING * * *
The hobgoblin hits you.
You die...

##### #...##################
#...#.....)........#..
#...#....)).......))).
##'##....))).......###
#......########...... #.g....#
#.))... #ggKg..########.)....
#'##@...........))###
#≈≈≈≈≈≈≈≈≈#$g$#..............').
#≈≈≈≈≈≈≈≈≈#$K$#..............#).
#≈≈≈≈≈≈≈≈≈#$$$##################
#≈≈≈≈≈≈≈≈≈#####≈≈≈≈≈≈≈≈≈≈≈≈≈≈≈≈≈
#≈≈≈≈~≈≈≈≈≈≈≈≈≈≈≈≈≈≈≈≈≈≈~≈≈≈≈≈≈≈
#≈~~~~~~≈~≈~≈~~≈≈~~~~~~~~~≈≈~≈≈~
#~.~..~.~~.~.~~.~~~.~~~...~.~.~~
#...............................


You could see 2 gnolls, 2 hobgoblins and a kobold.

Vanquished Creatures
  A bombardier beetle (D:3)
  An orc priest (D:3)
  An iguana (D:3)
  5 gnolls (D:3)
  2 ribbon worms
  3 orcs (D:3)
  4 endoplasms
  2 giant cockroaches
  21 goblins
  11 hobgoblins
  A jackal (D:1)
  3 kobolds
  A quokka (D:1)
  6 ball pythons
  4 bats
  3 frilled lizards
  2 rats
71 creatures vanquished.

Notes
Turn   | Place    | Note
-------+----------+-------------------------------------------
     0 | D:1      | Orlauf the Demonspawn Gladiator began the quest for the
                  | Orb.
     0 | D:1      | Reached XP level 1. HP: 16/16 MP: 1/1
   223 | D:1      | Found a faded altar of an unknown god.
   339 | D:1      | Gained mutation: You are faintly shadowed, very rarely
                  | releasing foul flame when damaged in melee. [demonic
                  | ancestry]
   339 | D:1      | Reached XP level 2. HP: 23/23 MP: 2/2
   575 | D:1      | Reached skill level 3 in Fighting
   818 | D:2      | Identified the +3 hand axe of Wiqupt {venom, Dex+3 Stlth+}
   938 | D:2      | Gained mutation: You may rarely emit foul miasma when
                  | damaged in melee. [demonic ancestry]
   938 | D:2      | Reached XP level 3. HP: 17/29 MP: 3/3
  1692 | D:3      | Found a radiant altar of Vehumet.
  1780 | D:3      | Reached XP level 4. HP: 24/37 MP: 4/4
  2022 | D:3      | Reached skill level 4 in Fighting
  2046 | D:3      | Gained mutation: You are shadowed, sometimes releasing foul
                  | flame when damaged in melee. [demonic ancestry]
  2046 | D:3      | Reached XP level 5. HP: 18/43 MP: 5/5
  2305 | D:3      | Reached skill level 5 in Fighting
  2313 | D:3      | HP: 2/44 [gnoll/+0 halberd (4)]
  2313 | D:3      | Slain by a hobgoblin

Illustrated notes

Levels and vault maps discovered:
D:1:      orjb1_lava_funnel, layout_basic, ebering_ecumenical_altar_mist,
          minmay_split_cup_small
D:2:      layout_basic, kennysheep_generic_room_12
D:3:      minmay_goblin_kobold_castle, layout_rooms,
          mainiacjoe_overflow_alcove_2, nicolae_overflow_hidden_temple,
          kennysheep_generic_room_2

Skill      XL: |  1  2  3  4  5 |
---------------+----------------+-----
Staves         | 3 4 |  4.0
Fighting       | 3 4 5 |  5.0
Throwing       | |  1.7
Dodging        | |  2.6

Action                     |  1- 3 |  4- 6 || total
---------------------------+-------+-------++-------
  Melee: Quarterstaff      |    92 |    91 ||   183
  Throw: Throwing net      |       |     1 ||     1
    Use: Scroll            |     6 |       ||     6
         Potion            |       |     3 ||     3
 Armour: Leather armour    |    45 |       ||    45
         Ring mail         |     8 |       ||     8
         Scale mail        |    25 |   101 ||   126
  Dodge: Dodged            |    84 |   105 ||   189

Table legend: (Time is in decaauts)
 A = Elapsed time spent in this place.
 B = Non-inter-level travel time spent in this place.
 C = Inter-level travel time spent in this place.
 D = Time resting spent in this place.
 E = Time spent auto-exploring this place.
 F = Levels seen in this place.
 G = Mean time per level.
                   A        B        C        D        E       F      G
               +--------+--------+--------+--------+--------+-----+--------+
         Total |   2336 |   2217 |    119 |    379 |   1292 |   3 |  778.7 |
       Dungeon |   2336 |   2217 |    119 |    379 |   1292 |   3 |  778.7 |
               +--------+--------+--------+--------+--------+-----+--------+

Top non-repeatable levels by time:
     D:3: 929 daAuts
     D:2: 793 daAuts
     D:1: 614 daAuts
